 Dungeon Crawl Stone Soup version 0.28-a0-1152-g9c71ebef14 (webtiles) character file.

Game seed: 1182006588672670252

461 spaghetti the Skirmisher (level 7, -12/48 HPs)
             Began as an Octopode Delver on Dec 14, 2021.
             Mangled by Pikel (15 damage)
             ... on level 5 of the Dungeon.
             The game lasted 00:03:38 (2858 turns).

spaghetti the Skirmisher (Octopode Delver)          Turns: 2858, Time: 00:03:39

Health: -12/48     AC:  1    Str: 10 (11) XL:     7   Next: 7%
Magic:  7/7        EV: 13    Int: 14 (15) God:
Gold:   61         SH:  0    Dex: 11 (13) Spells: 6/6 levels left

rFire   x . .      SeeInvis .   d - +3 quarterstaff (chaos) {staff}
rCold   + . .      Faith    .   (shield currently unavailable)
rNeg    . . .      Spirit   .   i - +0 hat
rPois   .          Reflect  .   (no amulet)
rElec   .          Harm     .   g - ring of ice
rCorr   .          Rampage  .   (no ring)
Will    .....                   (no ring)
Stlth   ++++......              (no ring)
HPRegen 0.16/turn               (no ring)
MPRegen 0.10/turn               (no ring)
                                (no ring)
                                (no ring)

@: no status effects
A: almost no armour, amphibious, 8 rings, camouflage 1, gelatinous body 1,
(nimble swimmer 1), tentacles, tentacle spike 1, frail 1, MP-powered wands
a: no special abilities


You were on level 5 of the Dungeon.
You visited 1 branch of the dungeon, and saw 3 of its levels.

You collected 157 gold pieces.
You spent 96 gold pieces at shops.


Innate Abilities, Weirdness & Mutations

You cannot wear most types of armour.
You are amphibious.
You can wear up to eight rings at the same time.
Your skin changes colour to match your surroundings (Stealth+).
Your rubbery body absorbs attacks. (AC +1, EV +1)
((You are camouflaged near water. (Stealth+)))
You have tentacles for arms and can constrict up to eight enemies at once.
One of your tentacles bears a spike.
You are frail. (-10% HP)
You expend magic power (3 MP) to strengthen your wands.


   Skills:
 + Level 7.7 Fighting
 - Level 2.0(2.1) Maces & Flails
 + Level 0.7(1.4) Staves
 - Level 2.0 Dodging
 - Level 6.6 Stealth


You had 6 spell levels left.
You didn't know any spells.
Your spell library contained the following spells:

 Spells                   Type           Power      Damage    Failure   Level
 Sandblast                Erth           0%         2d4       28%         1
 Summon Small Mammal      Summ           0%         N/A       28%         1
 Passwall                 Tmut/Erth      0%         N/A       41%         2
 Call Canine Familiar     Summ           0%         N/A       65%         3
 Stone Arrow              Conj/Erth      0%         3d7       65%         3
 Summon Guardian Golem    Hex/Summ       0%         N/A       65%         3

Inventory:

Hand Weapons
 a - a +0 mace {mace}
 d - a +3 quarterstaff of chaos (weapon) {staff}
   (You took it off Crazy Yiuf on level 4 of the Dungeon)
Missiles
 h - 17 poisoned darts (quivered) {throwing}
 j - 15 arrows
 k - 5 javelins {throwing}
 l - 36 stones {throwing}
Armour
 i - a +0 hat (worn)
   (You found it on level 4 of the Dungeon)
Jewellery
 g - a ring of ice (left tentacle)
   (You found it on level 4 of the Dungeon)
Wands
 f - a wand of digging (7)
Scrolls
 b - a scroll of fog
 c - a scroll of magic mapping {!r}
Potions
 e - a potion of haste {@q3}
 m - a potion of brilliance

Dungeon Overview and Level Annotations

Branches:
Dungeon (5/15)
 Temple: D:4-7

Altars:
Beogh

Shops:
D:3 !

Annotations:
D:5 Pikel

. ..# #. #.#
#5##.# #.#.#
####..# #
#.#5#.##.#
#5......####
##K##....>...
#####@..#########
#†............
#...##...######
#..#.)...##
#....#####
..Z.... ....#.#.
..#..#. . #... ..
.#


You could see Pikel (berserk, fast) and 2 lemures.


Message History

You barely miss the lemure.
You constrict the lemure, but do no damage.
The lemure hits you!
The lemure completely misses you. 😕 HP[-10]
You take 10 damage, and now have 38/48 hp.
MASSIVE DAMAGE!! (PAUSE)
You barely miss the lemure.
You pierce the lemure.
You constrict the lemure. The lemure barely misses you.
The lemure hits you. 😮 HP[-5]
You take 5 damage, and now have 33/48 hp.
You are too injured to fight recklessly!
You are too injured to fight recklessly!
You are too injured to fight recklessly!
You are too injured to fight recklessly!
You are too injured to fight recklessly!
You are too injured to fight recklessly!
You are too injured to fight recklessly!
You are too injured to fight recklessly!
You are too injured to fight recklessly!
You are too injured to fight recklessly!
You are too injured to fight recklessly!
You are too injured to fight recklessly!
You are too injured to fight recklessly!
You are too injured to fight recklessly!
Unknown command.
You sock the lemure! You constrict the lemure.
The lemure shouts!
The lemure hits you. x2; The lemure closely misses you.
You hear a shout! 😮 HP[-7]
You take 7 damage, and now have 26/48 hp.
You release your grip on the lemure. 😮 HP[+1]
You closely miss the lemure. Your grab misses the lemure.
Your tentacle spike misses the lemure.
The lemure hits you!
* * * LOW HITPOINT WARNING * * *
😨 HP[-8]
You take 8 damage, and now have 19/48 hp.
Unknown command.
Okay, then.
Okay, then.
An orc comes into view. It is wielding a +0 club.
The orc moves out of view.
There is a stone staircase leading up here.
You feel much better.
The lemure closely misses you. 😕 HP[+24]
You regained 24 hp, and now have 43/48 hp.
You hit the lemure.
The lemure resists with some effort.
You grab the lemure.
You pierce the lemure.
You squeeze the lemure, but do no damage.
You constrict the lemure.
Pikel, Merchant of Souls comes into view.
He is wielding a +0 whip of freezing.
The lemure misses you. 😕 HP[+1] Unknown command.
You sock the lemure! You constrict the lemure. The lemure closely misses you.
Pikel says, "You'll make a fine lemure."
Unknown command.
You hit the lemure.
The lemure flickers and vanishes!
Deactivating autopickup; reactivate with Ctrl-A.
You pierce something.
Reactivating autopickup.
A lemure comes into view.
Unknown command.
The lemure shouts!
You hit Pikel.
You feel better.
Your grab misses Pikel.
You pierce Pikel, but do no damage.
Your squeeze misses Pikel. Pikel completely misses you. 😕 HP[+3]
You regained 3 hp, and now have 47/48 hp.
You hit Pikel. Your grab misses Pikel. Your squeeze misses Pikel.
Pikel hits you with a +0 whip of freezing! 😕 HP[-9]
You take 9 damage, and now have 38/48 hp.
Unknown command.
Unknown command.
You hit Pikel.
Pikel goes berserk!
You grab Pikel. You squeeze Pikel, but do no damage. You constrict Pikel.
Pikel closely misses you.
Pikel hits you with a +0 whip of freezing!!
* * * LOW HITPOINT WARNING * * *
Pikel freezes you.
* * * LOW HITPOINT WARNING * * *
😨 HP[-22]
You take 22 damage, and now have 16/48 hp.
MASSIVE DAMAGE!! (PAUSE) Unknown command.
Unknown command.
Unknown command.
Unknown command.
Unknown command.
Okay, then.
Okay, then.
Okay, then.
You hit Pikel.
Pikel seems to speed up.
You constrict Pikel, but do no damage.
Pikel hits you with a +0 whip of freezing!
* * * LOW HITPOINT WARNING * * *
Pikel hits you with a +0 whip of freezing!
You die...

Skill      XL: |  1  2  3  4  5  6 |
---------------+-------------------+-----
Fighting       | 4 5 6 7 |  7.7
Maces & Flails | |  2.0
Staves         | |  0.7
Dodging        | |  2.0
Stealth        | |  6.6

Action                   |  1- 3 |  4- 6 |  7- 9 || total
-------------------------+-------+-------+-------++-------
Melee: Mace              |    15 |    62 |       ||    77
       Tentacles         |     5 |    15 |     2 ||    22
       Constrict         |     5 |    18 |     4 ||    27
       Kick              |       |     5 |     6 ||    11
       Quarterstaff      |       |     2 |    16 ||    18
  Use: Scroll            |     1 |     2 |       ||     3
       Potion            |       |     6 |     1 ||     7
 Stab: Sleeping          |     3 |     7 |     1 ||    11
Armor: Skin              |     1 |     4 |     2 ||     7
Dodge: Dodged            |    11 |    47 |    13 ||    71

Levels and vault maps discovered:
D:3:      layout_basic, xom_butterflies, serial_shops,
          nicolae_shop_behind_doors, uniq_jessica, uniq_grinder
D:4:      layout_basic, kennysheep_orc_chapel, uniq_crazy_yiuf_cottage
D:5:      layout_loops_ring, gammafunk_ghost_icy, serial_park_tiny_1,
          kennysheep_pointless_box, uniq_prince_ribbit1, uniq_edmund, uniq_pikel

Notes
Turn   | Place    | Note
-------+----------+-------------------------------------------
     0 | D:5      | spaghetti the Octopode Delver began the quest for the Orb.
     0 | D:5      | Reached XP level 1. HP: 16/16 MP: 1/1
     0 | D:5      | magus.rc [v1.9.6]
    11 | D:5      | Noticed a howler monkey
    14 | D:5      | Noticed an orc wizard
    18 | D:5      | Killed a howler monkey
    19 | D:5      | Reached skill level 4 in Fighting
    19 | D:5      | Reached XP level 2. HP: 10/23 MP: 2/2
    19 | D:5      | Reached XP level 3. HP: 11/27 MP: 3/3
    19 | D:5      | Noticed an orc warrior
   304 | D:4      | Noticed a centaur
   312 | D:4      | Killed a centaur
   313 | D:4      | Reached skill level 5 in Fighting
   313 | D:4      | Reached XP level 4. HP: 26/35 MP: 4/4
   313 | D:4      | Reached XP level 5. HP: 29/39 MP: 5/5
   400 | D:4      | Noticed an ogre
   413 | D:4      | Killed an ogre
   414 | D:4      | Reached skill level 6 in Fighting
   518 | D:4      | You pick up a book of Callings and begin reading...
   518 | D:4      | You add the spells Summon Small Mammal, Call Canine
                  | Familiar and Summon Guardian Golem to your library.
   538 | D:4      | Noticed a black bear
   544 | D:4      | Killed a black bear
   545 | D:4      | Reached XP level 6. HP: 14/47 MP: 6/6
  1073 | D:3      | You pick up a book of Geomancy and begin reading...
  1073 | D:3      | You add the spells Sandblast, Passwall and Stone Arrow to
                  | your library.
  1109 | D:3      | Reached skill level 7 in Fighting
  1247 | D:3      | Found Kiaguzo's Distillery.
  1616 | D:3      | Bought a potion of mutation for 96 gold pieces
  1616 | D:3      | Gained mutation: You expend magic power (3 MP) to
                  | strengthen your wands. [potion of mutation]
  1616 | D:3      | Gained mutation: You are frail. (-10% HP) [potion of
                  | mutation]
  1616 | D:3      | Gained mutation: One of your tentacles bears a spike.
                  | [potion of mutation]
  2278 | D:4      | You pick up a book of Callings and begin reading...
  2428 | D:4      | Found a runed translucent door.
  2429 | D:4      | Noticed Crazy Yiuf
  2437 | D:4      | HP: 9/44 [Crazy Yiuf (9)]
  2441 | D:4      | Killed Crazy Yiuf
  2441 | D:4      | HP: 3/44 [poisoned by Crazy Yiuf]
  2443 | D:4      | HP: 1/44 [poisoned by Crazy Yiuf]
  2816 | D:5      | Reached XP level 7. HP: 46/48 MP: 7/7
  2852 | D:5      | Noticed Pikel
  2858 | D:5      | HP: 3/48 [Pikel (13)]
  2858 | D:5      | Mangled by Pikel

Vanquished Creatures
  An ogre (D:4)
  A black bear (D:4)
  A centaur (D:4)
  2 lemures (D:5)
  A howler monkey (D:5)
  Crazy Yiuf (D:4)
  A bullfrog skeleton (D:5)
  An orc priest (D:4)
  An orc wizard (D:4)
  A hound skeleton (D:4)
  3 adders
  A dart slug (D:4)
  2 orcs (D:4)
  A ball python (D:3)
  An endoplasm (D:4)
  A giant cockroach (D:4)
  A goblin (D:3)
  3 hobgoblins
  3 kobolds
  3 quokkas
  A bat (D:3)
  A frilled lizard (D:3)
32 creatures vanquished.

Table legend:
 A = Non-vault XP
 B = Vault XP
 C = Vault XP percentage of total XP
 D = Non-vault monster count
 E = Vault monster count
 F = Vault count percentage of total count
                 A         B        C        D         E       F
            +---------+---------+-------+---------+---------+-------
      Total |     533 |     126 |  19.1 |      25 |       5 |  16.7
            +---------+---------+-------+---------+---------+-------
        D:3 |      40 |       0 |   0.0 |      10 |       0 |   0.0
        D:4 |     387 |     126 |  24.6 |      12 |       5 |  29.4
        D:5 |     106 |       0 |   0.0 |       3 |       0 |   0.0
            +---------+---------+-------+---------+---------+-------

Illustrated notes

Table legend:
 A = Kills in this place as a percentage of kills in entire the game.
 B = Kills by you in this place as a percentage of kills by you in the entire game.
 C = Kills by friends in this place as a percentage of kills by friends in the entire game.
 D = Other kills in this place as a percentage of other kills in the entire game.
 E = Experience gained in this place as a percentage of experience gained in the entire game.
 F = Experience gained in this place divided by the number of levels of this place that you have seen.
                   A       B       C       D       E      F
               +-------+-------+-------+-------+-------+----------------------
         Total | 100.0 | 100.0 |   N/A |   N/A | 100.0 | 219.7
       Dungeon | 100.0 | 100.0 |   N/A |   N/A | 100.0 | 219.7
               +-------+-------+-------+-------+-------+----------------------

Table legend: (Time is in decaauts)
 A = Elapsed time spent in this place.
 B = Non-inter-level travel time spent in this place.
 C = Inter-level travel time spent in this place.
 D = Time resting spent in this place.
 E = Time spent auto-exploring this place.
 F = Levels seen in this place.
 G = Mean time per level.
                   A        B        C        D        E       F      G
               +--------+--------+--------+--------+--------+-----+--------+
         Total |   2886 |   2738 |    148 |   1272 |   1155 |   3 |  962.0 |
       Dungeon |   2886 |   2738 |    148 |   1272 |   1155 |   3 |  962.0 |
               +--------+--------+--------+--------+--------+-----+--------+

Top non-repeatable levels by time:
     D:4: 2186 daAuts
     D:3: 623 daAuts
     D:5: 76 daAuts
